 Dungeon Crawl Stone Soup version 0.28.0 (webtiles) character file.

Game seed: 12901347274744397441

60 randomguy2701 the Skirmisher (level 3, 29/29 HPs)
             Began as a Demonspawn Berserker on Feb 7, 2022.
             Was a Believer of Trog.
             Quit the game on level 2 of the Dungeon on Feb 9, 2022.
             The game lasted 00:03:19 (2396 turns).

randomguy2701 the Skirmisher (Demonspawn Berserker) Turns: 2396, Time: 00:03:19

Health: 29/29      AC:  8    Str: 19    XL:     3   Next: 82%
Magic:  3/3        EV:  8    Int:  8    God:    Trog [**....]
Gold:   60         SH:  4    Dex: 12    Spells: 2/2 levels left

rFire   . . .      SeeInvis .   a - +0 hand axe
rCold   . . .      Faith    .   (no shield)
rNeg    . . .      Spirit   .   k - +0 chain mail
rPois   .          Reflect  .   (no helmet)
rElec   .          Harm     .   (no cloak)
rCorr   .          Rampage  .   (no gloves)
Will    .....                   (no boots)
Stlth   ..........              (no amulet)
HPRegen 0.09/turn               (no ring)
MPRegen 0.08/turn               (no ring)

@: no status effects
A: hooves 1, condensation shield
a: Renounce Religion, Berserk, Trog's Hand


You were on level 2 of the Dungeon.
You worshipped Trog.
Trog was pleased with you.
You visited 1 branch of the dungeon, and saw 2 of its levels.

You collected 60 gold pieces.

Inventory:

Hand Weapons
 a - a +0 hand axe (weapon)
Armour
 b - a +0 animal skin
 c - a +0 scale mail
 k - a +0 chain mail (worn)
Scrolls
 d - a scroll of identify {unknown}
 e - a scroll of teleportation {unknown}
 f - a scroll of brand weapon {unknown}
 g - a scroll of enchant weapon {unknown}
 j - a scroll of fear {unknown}
Potions
 h - a potion of attraction {unknown}
 i - a potion of might {unknown}


   Skills:
 + Level 3.5 Fighting
 + Level 3.5 Axes
 + Level 2.3 Armour
 + Level 2.0 Dodging


You had 2 spell levels left.
You didn't know any spells.
Your spell library contained the following spells:

 Spells                   Type           Power      Damage    Failure   Level
 Ensorcelled Hibernation  Hex/Ice        0%         N/A       100%        2
 Spider Form              Tmut/Pois      0%         N/A       100%        3
 Anguish                  Hex/Necr       0%         N/A       100%        4


Dungeon Overview and Level Annotations

Branches:
Dungeon (2/15)

Altars:


Innate Abilities, Weirdness & Mutations

You have large cloven feet.
A meltable shield of frost defends you. (SH +4)


Message History

You feel yourself moving faster!
You feel mighty!
You feel sick. The adder closely misses you.
You are too injured to fight recklessly!
You are too injured to fight recklessly!
You are too injured to fight recklessly!
You hit the adder. Your kick misses the adder.
The adder is moderately wounded.
You feel sick. You block the adder's attack.
You miss the adder. Your kick misses the adder.
The adder is moderately wounded.
You feel sick. The adder bites you but does no damage.
You slash the adder!
You kill the adder!
Trog accepts your kill.
You feel sick.
You feel a strong urge to attack something.
You feel sick.
You start resting.
You are no longer berserk.
You are exhausted.
You feel yourself slow down.
You start resting.
You feel sick.
You are no longer poisoned.
You start resting.
You feel yourself speed up.
You start resting.
You recover from your berserk rage.
You start resting.
HP restored.
You start waiting.
Done waiting.
You start waiting.
Done waiting.
You start waiting.
Done waiting.
Saving game... please wait.
Welcome back, randomguy2701 the Demonspawn Berserker.
Trog says: Kill them all!
Press ? for a list of commands and other information.
Are you sure you want to abandon this character and quit the game? (Confirm with "yes".)

#.#..#...# #.##.#...#
#.#...# #.#...# ###
#.#...# ..# ##.#...#
#.# #......#
#.###.##.####...#
#....@...# #...#
##.##.#######'### #
##.##....)...#
#.#.##.#.......#
#...##.........#
####..##.......#
###>.##.......#
#..##.........#
########.##.#.......#


There were no monsters in sight!

Vanquished Creatures
  An adder (D:2)
  A worm (D:2)
  A dart slug (D:1)
  3 bats
  10 endoplasms
  7 goblins
  A hobgoblin (D:1)
  4 jackals (D:1)
  4 kobolds
  A quokka (D:1)
  3 ball pythons
  3 frilled lizards (D:1)
  2 rats (D:1)
41 creatures vanquished.

Notes
Turn   | Place    | Note
-------+----------+-------------------------------------------
     0 | D:1      | randomguy2701 the Demonspawn Berserker began the quest for
                  | the Orb.
     0 | D:1      | Reached XP level 1. HP: 18/18 MP: 1/1
   367 | D:1      | Discovered your monstrous ancestry.
   367 | D:1      | Gained mutation: You have large cloven feet. [demonic
                  | ancestry]
   367 | D:1      | Reached XP level 2. HP: 24/24 MP: 2/2
   860 | D:1      | Gained mutation: A meltable shield of frost defends you.
                  | (SH +4) [demonic ancestry]
   860 | D:1      | Reached XP level 3. HP: 24/29 MP: 3/3
  1563 | D:2      | Reached ** piety under Trog
  2396 | D:2      | Quit the game

Illustrated notes

Levels and vault maps discovered:
D:1:      mrwooster_arrival_statue, layout_loops_ring
D:2:      layout_basic, st_stairs_7, uniq_terence

Skill      XL: |  1  2 |
---------------+-------+-----
Axes           | 3 |  3.5
Armour         | 2 |  2.3
Dodging        | 2 |  2.0
Fighting       | |  3.5

Action                   || total
-------------------------++-------
Melee: Hand axe          ||    93
       Kick              ||    21
       Punch             ||     1
Invok: Berserk           ||     2
Armor: Scale mail        ||    23
       Chain mail        ||     7
Dodge: Dodged            ||    45
Block: Other             ||     8
